[Event "Titled Tuesday Blitz April 05 Early 2022"]
[White "Sadhwani, Raunak"]
[Black "Petrovic, Aleksa"]
[WhiteFideId "35093487"]
[BlackFideId "967629"]
[WhiteElo "2616"]
[BlackElo "2198"]
[Result "1-0"]
[Round "01"]
[TimeControl "180+1"]
[Date "2022.04.05"]
[WhiteClock "0:01:32"]
[BlackClock "0:00:07"]

1. d4 Nf6 2. Nf3 e6 3. Bf4 b6 4. Nbd2 Bb7 5. e3 Be7 6. h3 O-O 7. Be2 c5 8. O-O d6 9. c3 Nbd7 10. Bh2 Re8 11. Nc4 Nf8 12. a4 Ng6 13. b4 Nd5 14. Qb3 cxb4 15. cxb4 Rc8 16. Rfc1 Qd7 17. b5 a5 18. bxa6 Bxa6 19. Nxb6 Rxc1+ 20. Rxc1 Nxb6 21. Bxa6 Rb8 22. Bb5 Qa7 23. Bg3 h5 24. h4 Ra8 25. Rc6 Nxa4 26. Ra6 Qxa6 27. Bxa6 Rxa6 28. Qb5 Ra8 29. Qc6 Ra5 30. Bxd6 Bxd6 31. Qxd6 Nf8 32. Ng5 Nc3 33. Qc7 Ra1+ 34. Kh2 1-0


[Site "https://www.chess.com"]

[Event "Titled Tuesday Blitz April 05 Early 2022"]
[White "Sadovsky, Artem"]
[Black "Bacrot, Etienne"]
[WhiteFideId "4155840"]
[BlackFideId "605506"]
[WhiteElo "2314"]
[BlackElo "2673"]
[Result "0-1"]
[Round "01"]
[TimeControl "180+1"]
[Date "2022.04.05"]
[WhiteClock "0:00:03"]
[BlackClock "0:00:07"]

1. Nf3 d5 2. e3 Nf6 3. c4 e6 4. b3 g6 5. Bb2 Bg7 6. Be2 O-O 7. O-O b6 8. cxd5 exd5 9. d4 Bb7 10. Nc3 Nbd7 11. Rc1 a6 12. b4 Re8 13. a4 h5 14. b5 axb5 15. axb5 Bf8 16. Qb3 Bd6 17. Ra1 Qe7 18. h3 Qe6 19. Rxa8 Rxa8 20. Ra1 Rxa1+ 21. Bxa1 Ne4 22. Nxe4 dxe4 23. Qxe6 fxe6 24. Nd2 Bb4 25. Nc4 Bd5 26. Bb2 g5 27. Ba3 Bxa3 28. Nxa3 Kf7 29. Nc4 h4 30. Kf1 Kf6 31. Ke1 e5 32. Kd2 Be6 33. Kc3 Bf5 34. d5 Ke7 35. Kb4 Kf6 36. d6 cxd6 37. Nxd6 Bg6 38. Bc4 Ke7 39. Nc8+ Kd8 40. Nd6 Nc5 41. Nf7+ Bxf7 42. Bxf7 Ke7 43. Bd5 Kd6 44. Bc6 Nd3+ 45. Kc3 Nxf2 46. Kd2 g4 47. hxg4 Nxg4 48. Bxe4 Kc5 49. Bc6 Nf2 50. Ke2 Ng4 51. Kf3 Nf6 52. g4 hxg3 53. Kxg3 Kc4 54. Kh4 Nd5 55. Kg5 Nxe3 56. Kf6 Kd4 57. Ke6 Nc4 58. Kf5 Nd6+ 59. Ke6 Nc4 60. Kf5 Nd2 61. Ke6 e4 62. Kd6 e3 0-1


[Site "https://www.chess.com"]

[Event "Titled Tuesday Blitz April 05 Early 2022"]
[White "Salinas Herrera, Pablo"]
[Black "Szalay, Karoly"]
[WhiteFideId "3407128"]
[BlackFideId "2600544"]
[WhiteElo "2541"]
[BlackElo "2464"]
[Result "1-0"]
[Round "01"]
[TimeControl "180+1"]
[Date "2022.04.05"]
[WhiteClock "0:00:27"]
[BlackClock "0:00:31"]

1. d4 d5 2. Bf4 e6 3. e3 Nf6 4. Nf3 c5 5. Nbd2 Nc6 6. c3 Be7 7. Bd3 O-O 8. Ne5 Nxe5 9. dxe5 Nd7 10. Qh5 g6 11. Qh6 f5 12. Nf3 Rf7 13. Ng5 Bxg5 14. Bxg5 Qf8 15. f4 c4 16. Qxf8+ Rxf8 17. Bc2 Kg7 18. Be7 Re8 19. Bd6 Nb6 20. h3 Bd7 21. g4 Ba4 22. b3 Bb5 23. Kd2 Rec8 24. Rag1 a5 25. gxf5 exf5 26. Bxf5 cxb3 27. Bxc8 Nc4+ 28. Kc1 bxa2 29. Kc2 Rxc8 30. Ra1 Ba4+ 31. Kd3 Bb3 32. Kd4 Kf7 33. e4 dxe4 34. Kxe4 Nxd6+ 35. exd6 Rxc3 36. Rhc1 Rxc1 37. Rxc1 Bc2+ 38. Ke5 Bb1 39. Rc7+ Kf8 40. Rc8+ Kg7 41. d7 a1=Q+ 42. Kd6 Qa3+ 43. Kc7 Qc5+ 44. Kb8 Qd6+ 45. Rc7 Bf5 46. d8=Q+ 1-0


[Site "https://www.chess.com"]

[Event "Titled Tuesday Blitz April 05 Early 2022"]
[White "Samant Aditya S"]
[Black "Bintang, Rasyid A. Hidayat"]
[WhiteFideId "35080580"]
[BlackFideId "7105355"]
[WhiteElo "1916"]
[BlackElo "2381"]
[Result "1/2-1/2"]
[Round "01"]
[TimeControl "180+1"]
[Date "2022.04.05"]
[WhiteClock "0:00:09"]
[BlackClock "0:00:16"]

1. d4 d5 2. c4 Nc6 3. Nc3 Nf6 4. Nf3 Bf5 5. Qb3 e6 6. Bg5 Na5 7. Qa4+ c6 8. cxd5 exd5 9. e3 Be7 10. Be2 O-O 11. O-O b5 12. Qd1 Nc4 13. b3 Nd6 14. Bxf6 Bxf6 15. Bd3 Bg4 16. Rc1 Re8 17. h3 Bh5 18. Nb1 Qb6 19. Nbd2 Ne4 20. Qc2 Bg6 21. Rfd1 Re6 22. a4 a6 23. Bxe4 dxe4 24. Ne5 Bxe5 25. dxe5 h6 26. Nf1 Rc8 27. Qc5 Qb8 28. Rd6 Rce8 29. Rxc6 Rxe5 30. Qc3 bxa4 31. bxa4 a5 32. Ng3 Kh7 33. Ne2 Qb4 34. Qxb4 axb4 35. Rb6 Ra8 36. Rxb4 Rea5 37. Ra1 f6 38. Nd4 Be8 39. Nb3 Rxa4 40. Rbxa4 Rxa4 41. Rxa4 Bxa4 42. Nc5 Bc6 43. Kf1 Kg6 44. Ke2 Kf5 45. Kd2 Ke5 46. Kc3 Kd5 47. Nb3 Bb5 48. g3 h5 49. Nd4 Bf1 50. h4 g6 51. Kd2 Bh3 52. Ke1 Bg4 53. Kd2 Ke5 54. Kc3 g5 55. Kd2 gxh4 56. gxh4 f5 57. Nc6+ Kd6 58. Nd4 Ke5 59. Nc6+ Kd6 60. Nd8 Kd7 61. Nf7 Ke7 62. Ng5 Kf6 63. Kc3 Ke5 64. Kc4 f4 65. Kc5 fxe3 66. fxe3 Bd1 67. Nh3 Kf5 68. Kd4 Bf3 69. Nf2 Bg2 70. Kd5 Bf3 71. Kd6 Bg2 72. Kd5 Bf3 73. Kd6 Bg2 74. Ke7 Bf3 75. Kf7 Bg2 76. Kg7 Bf3 77. Kh6 Be2 78. Kg7 Bf3 79. Kf7 Bg2 80. Ke7 Bf3 81. Kd6 1/2-1/2


[Site "https://www.chess.com"]

[Event "Titled Tuesday Blitz April 05 Early 2022"]
[White "Sanchez, Robert"]
[Black "Potapova, Margarita"]
[WhiteFideId "2034360"]
[BlackFideId "14126869"]
[WhiteElo "2289"]
[BlackElo "2216"]
[Result "0-1"]
[Round "01"]
[TimeControl "180+1"]
[Date "2022.04.05"]
[WhiteClock "0:00:42"]
[BlackClock "0:00:27"]

1. e4 c5 2. Nf3 d6 3. d4 cxd4 4. Nxd4 Nf6 5. Nc3 a6 6. Be3 e5 7. Nb3 Be6 8. f3 Be7 9. Qd2 O-O 10. O-O-O Nbd7 11. g4 b5 12. g5 b4 13. Ne2 Ne8 14. Ng3 a5 15. Kb1 a4 16. Nc1 Nb6 17. Bxb6 Qxb6 18. Nf5 Bxf5 19. exf5 d5 20. g6 Nf6 21. h4 fxg6 22. fxg6 h6 23. Bh3 Kh8 24. Rhe1 Bd6 25. Be6 d4 26. Bf7 a3 27. b3 Rac8 28. Nd3 Qc7 29. Re2 Rxf7 30. gxf7 Nd5 31. Rde1 Nc3+ 32. Ka1 Nxe2 33. Rxe2 Qxf7 34. Nxe5 Bxe5 35. Rxe5 Qxf3 36. Re1 Qf6 37. Kb1 Qxh4 38. Qxb4 Qf2 39. Rc1 d3 40. Qxa3 d2 41. Rd1 Qe2 0-1


[Site "https://www.chess.com"]

[Event "Titled Tuesday Blitz April 05 Early 2022"]
[White "Sarkar, Justin"]
[Black "Dang, Hoang Son"]
[WhiteFideId "2010011"]
[BlackFideId "12402435"]
[WhiteElo "2038"]
[BlackElo "2252"]
[Result "0-1"]
[Round "01"]
[TimeControl "180+1"]
[Date "2022.04.05"]
[WhiteClock "0:00:06"]
[BlackClock "0:01:05"]

1. d4 Nf6 2. c4 g6 3. Nc3 Bg7 4. e4 O-O 5. Nf3 d6 6. Be2 e5 7. O-O Nc6 8. dxe5 dxe5 9. Qxd8 Rxd8 10. Bg5 Be6 11. Nd5 Bxd5 12. cxd5 Nd4 13. Nxd4 exd4 14. e5 Nxd5 15. Bxd8 Rxd8 16. f4 Ne3 17. Rf3 f6 18. exf6 Bxf6 19. Rc1 d3 20. Bxd3 Rxd3 21. Rxc7 Bd4 0-1


[Site "https://www.chess.com"]

[Event "Titled Tuesday Blitz April 05 Early 2022"]
[White "Seemann, Jakub"]
[Black "Xiong, Jeffery"]
[WhiteFideId "21874697"]
[BlackFideId "2047640"]
[WhiteElo "2003"]
[BlackElo "2727"]
[Result "0-1"]
[Round "01"]
[TimeControl "180+1"]
[Date "2022.04.05"]
[WhiteClock "0:00:03"]
[BlackClock "0:00:20"]

1. e4 c5 2. Nf3 d6 3. d4 Nf6 4. Nc3 cxd4 5. Nxd4 a6 6. Be2 e5 7. Nb3 Be7 8. O-O O-O 9. Qd3 Be6 10. Bd2 a5 11. a4 b6 12. Nd5 Nxd5 13. exd5 Bc8 14. f4 Nd7 15. fxe5 Nxe5 16. Qg3 Bb7 17. c4 Rc8 18. Rac1 Bh4 19. Qh3 Bg5 20. Bxg5 Qxg5 21. Rc3 Ba6 22. Nd4 Qd2 23. Nf5 Ng6 24. Bh5 Kh8 25. Nxd6 Nf4 26. Qg4 Qxb2 27. Rg3 Nxh5 28. Qxh5 Bxc4 29. Rh3 h6 30. Nxf7+ Rxf7 31. Qxf7 Bxf1 32. Rf3 Qxg2# 0-1


[Site "https://www.chess.com"]

[Event "Titled Tuesday Blitz April 05 Early 2022"]
[White "Sellitti, Federico"]
[Black "Pischal, Yulia"]
[WhiteFideId "821829"]
[BlackFideId "14102390"]
[WhiteElo "2557"]
[BlackElo "1931"]
[Result "1-0"]
[Round "01"]
[TimeControl "180+1"]
[Date "2022.04.05"]
[WhiteClock "0:00:17"]
[BlackClock "0:00:01"]

1. e4 c5 2. Nc3 Nc6 3. g3 g6 4. Bg2 Bg7 5. d3 d6 6. Be3 e6 7. Qd2 h6 8. Nge2 Nge7 9. O-O Nd4 10. Nc1 Nec6 11. Nd1 e5 12. c3 Ne6 13. f4 exf4 14. gxf4 f5 15. exf5 gxf5 16. Ne2 O-O 17. Ng3 Qe8 18. Bf3 Kh7 19. Bh5 Qe7 20. Qg2 Qh4 21. Kh1 Bd7 22. Rg1 Be8 23. Bxe8 Raxe8 24. Nf2 Ncd8 25. Nxf5 Qf6 26. Nxg7 Nxg7 27. Ng4 Qf5 28. Rae1 Nh5 29. Qh3 Re6 30. Bd2 Rg6 31. Nf2 Qxh3 32. Nxh3 Rxg1+ 33. Rxg1 Nc6 34. Re1 Rf7 35. Re6 d5 36. f5 Nf6 37. Nf4 Ng4 38. Nxd5 Nf2+ 39. Kg2 Nxd3 40. Rxh6+ Kg7 41. Rg6+ Kf8 42. Rg3 Nde5 43. Bh6+ Ke8 44. Bf4 Kd7 45. Bxe5 Nxe5 46. Ne3 b6 47. h4 Nd3 48. Kf3 Nxb2 49. h5 Rh7 50. Kg4 Nd3 51. Ng2 Ne5+ 52. Kf4 Kd6 53. Rh3 Rh6 54. Ne3 c4 55. Ng4 Nxg4 56. Kxg4 Ke5 57. Kg5 Rh8 58. h6 Rg8+ 59. Kh5 Kxf5 60. Rf3+ Ke4 61. Rf7 Ke5 62. h7 Rh8 63. Rxa7 Ke4 64. Kh6 Kd3 65. Kg7 Rc8 66. h8=Q Rxh8 67. Kxh8 Kxc3 68. Rb7 Kb2 69. a4 Ka3 70. Rxb6 Kxa4 71. Kg7 c3 72. Kf6 c2 73. Rc6 Kb3 74. Ke5 Kb2 75. Rb6+ Ka1 76. Rc6 Kb2 77. Rb6+ Ka1 78. Kd4 c1=Q 79. Ra6+ Kb2 80. Rb6+ Ka3 81. Ra6+ Kb4 82. Rb6+ Ka5 83. Rd6 Qd1+ 84. Ke5 1-0


[Site "https://www.chess.com"]

[Event "Titled Tuesday Blitz April 05 Early 2022"]
[White "Sergienko, Sergey"]
[Black "Ambartsumova, Karina"]
[WhiteFideId "4115791"]
[BlackFideId "4166299"]
[WhiteElo "2193"]
[BlackElo "2262"]
[Result "1-0"]
[Round "01"]
[TimeControl "180+1"]
[Date "2022.04.05"]
[WhiteClock "0:00:13"]
[BlackClock "0:00:09"]

1. e4 e5 2. Nf3 Nc6 3. Bb5 a6 4. Ba4 Nf6 5. O-O Be7 6. Re1 b5 7. Bb3 O-O 8. c3 d5 9. d4 Nxe4 10. dxe5 Be6 11. Nbd2 Nxd2 12. Bxd2 Na5 13. Bc2 c5 14. Bf4 Nc4 15. Qc1 Rc8 16. b3 Nb6 17. Qd2 Qd7 18. Rad1 Bf5 19. h3 Rfd8 20. e6 fxe6 21. Ne5 Qb7 22. g4 Bxc2 23. Qxc2 Rf8 24. Bg3 Bf6 25. Nd3 c4 26. Nf4 e5 27. Nh5 e4 28. b4 Rf7 29. Qd2 Rcf8 30. Nxf6+ Rxf6 31. Qg5 h6 32. Qh5 Rf3 33. g5 hxg5 34. Qxg5 Qf7 35. Rd2 Rxc3 36. Bd6 Re8 37. Bc5 Nd7 38. Rxd5 Nf6 39. Rf5 Rxh3 40. Bd4 Rh6 41. Qg2 Rg6 42. Rg5 Rxg5 43. Qxg5 Nh7 44. Qg3 Qf5 45. Qxg7# 1-0


[Site "https://www.chess.com"]

[Event "Titled Tuesday Blitz April 05 Early 2022"]
[White "Sethuraman, S.P."]
[Black "Bettalli, Francesco"]
[WhiteFideId "5021596"]
[BlackFideId "2816453"]
[WhiteElo "2784"]
[BlackElo "2451"]
[Result "1-0"]
[Round "01"]
[TimeControl "180+1"]
[Date "2022.04.05"]
[WhiteClock "0:00:40"]
[BlackClock "0:00:03"]

1. Nf3 c5 2. e4 Nc6 3. Bc4 e6 4. O-O Nf6 5. Re1 Be7 6. e5 Ng4 7. h3 Nh6 8. d4 cxd4 9. Bxh6 gxh6 10. Nbd2 d5 11. Bb5 Qb6 12. Qe2 a6 13. Ba4 Bd7 14. Nb3 Rg8 15. Rab1 Qb4 16. Bxc6 bxc6 17. Nbxd4 c5 18. c3 Qb7 19. Nc2 a5 20. Kh2 a4 21. Ne3 Rg6 22. b3 axb3 23. axb3 Bc6 24. Nc2 Kd7 25. b4 Rag8 26. g3 c4 27. Nfd4 Bb5 28. Ra1 h5 29. Qxh5 Ra8 30. Qxh7 Rxa1 31. Rxa1 Rg5 32. Qxf7 Rxe5 33. Nxb5 d4 34. Ra7 1-0


[Site "https://www.chess.com"]

[Event "Titled Tuesday Blitz April 05 Early 2022"]
[White "Shandrygin, Nikita"]
[Black "Bortnyk, Olexandr"]
[WhiteFideId "24198668"]
[BlackFideId "14120828"]
[WhiteElo "2323"]
[BlackElo "2723"]
[Result "0-1"]
[Round "01"]
[TimeControl "180+1"]
[Date "2022.04.05"]
[WhiteClock "0:00:08"]
[BlackClock "0:01:16"]

1. Nf3 Nf6 2. g3 d5 3. Bg2 Bf5 4. O-O e6 5. c4 c6 6. Qb3 Qb6 7. d3 Nbd7 8. Be3 Bc5 9. Bxc5 Nxc5 10. Qa3 O-O 11. Nbd2 a5 12. Rac1 Qb4 13. cxd5 Qxa3 14. bxa3 Na4 15. dxc6 bxc6 16. Nd4 Rab8 17. Bxc6 Nb6 18. N2b3 Bh3 19. Rfd1 a4 20. Nc5 Rfd8 21. Nf3 Rdc8 22. Na6 Ra8 23. Bxa8 Rxa8 24. Nc7 Rd8 25. Ne5 h5 26. Rb1 Nbd5 27. Nxd5 Nxd5 28. Rdc1 f6 29. Rb7 fxe5 30. Rc4 Nf6 31. Rcc7 Ne8 32. Rd7 Rc8 33. f3 Kh7 34. Kf2 Kh6 35. Rb5 Nf6 36. Ra7 Nd5 37. Rbb7 Rc1 38. e4 Rc2+ 39. Ke1 Nc3 0-1


[Site "https://www.chess.com"]

[Event "Titled Tuesday Blitz April 05 Early 2022"]
[White "Shimanov, Aleksandr"]
[Black "Mickiewicz, Piotr"]
[WhiteFideId "4198603"]
[BlackFideId "1114891"]
[WhiteElo "2636"]
[BlackElo "2266"]
[Result "1-0"]
[Round "01"]
[TimeControl "180+1"]
[Date "2022.04.05"]
[WhiteClock "0:02:16"]
[BlackClock "0:01:16"]

1. d4 e6 2. Bf4 Nf6 3. e3 c5 4. Nf3 b6 5. Nc3 Bb7 6. Nb5 Na6 7. c3 Nh5 8. Nd6+ Bxd6 9. Bxd6 Nf6 10. Qa4 Qc8 11. Ne5 Ne4 12. Bb5 Nxd6 13. Bxd7+ Kf8 14. Bxc8 Rxc8 15. Qd7 Rc7 16. Qxd6+ 1-0


[Site "https://www.chess.com"]

[Event "Titled Tuesday Blitz April 05 Early 2022"]
[White "Shipov, Sergei"]
[Black "Rabineau, Clement"]
[WhiteFideId "4113624"]
[BlackFideId "628891"]
[WhiteElo "2734"]
[BlackElo "2237"]
[Result "1-0"]
[Round "01"]
[TimeControl "180+1"]
[Date "2022.04.05"]
[WhiteClock "0:01:09"]
[BlackClock "0:00:03"]

1. d4 d6 2. Nf3 g6 3. c4 Bg7 4. Nc3 c5 5. d5 Bxc3+ 6. bxc3 f5 7. h4 Nf6 8. Bh6 Qa5 9. Qc2 Nbd7 10. e3 Ne4 11. Nd2 Ndf6 12. f3 Qxc3 13. Qxc3 Nxc3 14. a4 Bd7 15. a5 Kf7 16. Ra3 Na4 17. Bd3 b6 18. Bc2 Nb2 19. Ra2 Nxc4 20. Nxc4 b5 21. Nd2 Nxd5 22. Kf2 Nc3 23. Rb2 b4 24. e4 Be6 25. Re1 Rhd8 26. Bg5 Rd7 27. exf5 Bxf5 28. Bb3+ d5 29. g4 Be6 30. Bc2 c4 31. Rxb4 Rd6 32. Bf4 Rd7 33. Be5 Rad8 34. Bxc3 1-0


[Site "https://www.chess.com"]

[Event "Titled Tuesday Blitz April 05 Early 2022"]
[White "Shohat, Yotam"]
[Black "Sanal, Vahap"]
[WhiteFideId "2813955"]
[BlackFideId "6300545"]
[WhiteElo "2119"]
[BlackElo "2603"]
[Result "0-1"]
[Round "01"]
[TimeControl "180+1"]
[Date "2022.04.05"]
[WhiteClock "0:00:02"]
[BlackClock "0:00:22"]

1. e4 e5 2. f4 exf4 3. Bc4 Ne7 4. Nc3 c6 5. Nf3 d5 6. Bb3 dxe4 7. Nxe4 Ng6 8. h4 h6 9. h5 Ne7 10. d4 Nd5 11. c4 Bb4+ 12. Kf1 Ne3+ 13. Bxe3 fxe3 14. Qe2 O-O 15. Qxe3 Bf5 16. Qf4 Bxe4 17. Qxe4 Nd7 18. Bc2 Nf6 19. Qf5 Re8 20. g4 Qc8 21. a3 Nxg4 22. Qh7+ Kf8 23. axb4 Ne3+ 24. Kf2 Nxc2 25. Rag1 Qe6 26. Qxc2 Qe3+ 27. Kg2 Re4 28. Qf2 Rg4+ 29. Kf1 Qc1+ 30. Qe1 Qxc4+ 31. Qe2 Rxg1+ 32. Kxg1 Qxb4 33. Kf2 Re8 34. Qd3 Qxb2+ 35. Kg3 Qb6 36. Rf1 Qc7+ 37. Kg2 Kg8 38. Ne5 f6 39. Ng6 Qf7 40. Qf3 a5 41. Nf4 a4 42. Ra1 Ra8 43. Ra3 Qe7 44. Qe3 Qxe3 45. Rxe3 a3 46. Re1 b5 47. Ra1 b4 48. Nd3 b3 49. Kf3 Kf7 50. Ke2 b2 51. Nxb2 axb2 52. Rb1 Rb8 53. Kd3 Rb5 0-1


[Site "https://www.chess.com"]

[Event "Titled Tuesday Blitz April 05 Early 2022"]
[White "Shukhman, Anna"]
[Black "Nenezic, Marko"]
[WhiteFideId "54180058"]
[BlackFideId "912123"]
[WhiteElo "1665"]
[BlackElo "2457"]
[Result "1/2-1/2"]
[Round "01"]
[TimeControl "180+1"]
[Date "2022.04.05"]
[WhiteClock "0:00:21"]
[BlackClock "0:00:12"]

1. e4 c5 2. Nf3 d6 3. d4 cxd4 4. Nxd4 Nf6 5. Nc3 a6 6. Qd3 Nc6 7. Bg5 Qa5 8. Bxf6 gxf6 9. Nxc6 bxc6 10. Be2 Rb8 11. O-O Bg7 12. Rab1 O-O 13. a3 f5 14. Qg3 Kh8 15. Bd3 Be5 16. Qh4 Bf6 17. Qh5 Qe5 18. exf5 d5 19. Rfe1 Qf4 20. Ne2 Qd6 21. g3 a5 22. Nf4 Kg7 23. Qg4+ Kh8 24. Qh5 Kg7 25. Qg4+ Kh8 26. Qh5 1/2-1/2


[Site "https://www.chess.com"]

[Event "Titled Tuesday Blitz April 05 Early 2022"]
[White "Shyaamnikhil P"]
[Black "Ilyasli, Ughur"]
[WhiteFideId "5024218"]
[BlackFideId "13416197"]
[WhiteElo "2329"]
[BlackElo "2045"]
[Result "1-0"]
[Round "01"]
[TimeControl "180+1"]
[Date "2022.04.05"]
[WhiteClock "0:00:33"]
[BlackClock "0:00:02"]

1. Nf3 Nf6 2. g3 d5 3. Bg2 c6 4. O-O Bg4 5. d3 Nbd7 6. Nbd2 e5 7. h3 Bh5 8. e4 Be7 9. Qe1 O-O 10. Nh2 Bc5 11. Ndf3 Re8 12. Nh4 Qb6 13. Nf5 Bg6 14. Kh1 Bxf5 15. exf5 e4 16. Qd2 e3 17. fxe3 Rxe3 18. g4 Rae8 19. c3 Re2 20. Qf4 Bf2 21. d4 Be3 22. Bxe3 R8xe3 23. Bf3 Qxb2 24. Rab1 Qxc3 25. Rxb7 Re1 26. Rb1 h6 27. h4 Ne4 28. Bxe4 Rxe4 29. Rbxe1 Rxe1 30. g5 hxg5 31. hxg5 Rxf1+ 32. Nxf1 Qa1 33. g6 fxg6 34. fxg6 Qe1 35. Qf7+ Kh8 36. Kg1 1-0


[Site "https://www.chess.com"]

[Event "Titled Tuesday Blitz April 05 Early 2022"]
[White "Silva, Kaua Marques"]
[Black "Kryakvin, Dmitry"]
[WhiteFideId "22701168"]
[BlackFideId "4153278"]
[WhiteElo "2071"]
[BlackElo "2422"]
[Result "1/2-1/2"]
[Round "01"]
[TimeControl "180+1"]
[Date "2022.04.05"]
[WhiteClock "0:00:35"]
[BlackClock "0:00:21"]

1. e4 c5 2. Nf3 d6 3. d4 cxd4 4. Nxd4 Nf6 5. Nc3 Nc6 6. Bg5 g6 7. Bxf6 exf6 8. Bc4 Bg7 9. Ndb5 O-O 10. Qxd6 f5 11. O-O a6 12. Qxd8 Rxd8 13. Nc7 Rb8 14. Rad1 Bxc3 15. bxc3 fxe4 16. Rxd8+ Nxd8 17. Re1 Bf5 18. Nd5 Nc6 19. g4 Be6 20. Nf6+ Kg7 21. Bxe6 Kxf6 22. Bd5 Ne5 23. Rxe4 g5 24. Kg2 b5 25. h4 h6 26. f4 gxf4 27. Rxf4+ Ke7 28. c4 bxc4 29. Bxc4 Rb4 30. Re4 Rxc4 31. Rxe5+ Kd6 32. Ra5 Rxg4+ 33. Kh3 Rc4 34. Rxa6+ Ke5 35. Rxh6 Rxc2 36. Ra6 f5 37. Ra5+ Kf4 38. Ra4+ Kf3 39. Ra3+ Kf4 40. Ra4+ Kf3 41. Ra3+ Kf4 42. Ra4+ 1/2-1/2


[Site "https://www.chess.com"]

[Event "Titled Tuesday Blitz April 05 Early 2022"]
[White "Simonovic, Miroslav"]
[Black "Roberson, Peter T"]
[WhiteFideId "919152"]
[BlackFideId "412384"]
[WhiteElo "2043"]
[BlackElo "2346"]
[Result "0-1"]
[Round "01"]
[TimeControl "180+1"]
[Date "2022.04.05"]
[WhiteClock "0:00:06"]
[BlackClock "0:01:34"]

1. d4 Nf6 2. Bg5 g6 3. Bxf6 exf6 4. c4 Bg7 5. Nc3 f5 6. g3 O-O 7. Bg2 Nc6 8. e3 d6 9. Nge2 Bd7 10. O-O h5 11. h4 Qe7 12. Nd5 Qd8 13. b4 Ne7 14. Nec3 Rb8 15. b5 c5 16. bxc6 bxc6 17. Nxe7+ Qxe7 18. Qa4 f4 19. gxf4 c5 20. Qxa7 cxd4 21. Nd5 Qd8 22. Rab1 dxe3 23. fxe3 Be6 24. Rxb8 Qxb8 25. Qxb8 Rxb8 26. Rc1 Rb2 27. a3 Ra2 28. e4 Rxa3 29. f5 Bd4+ 30. Kh1 Bd7 31. fxg6 fxg6 32. Rb1 Kf7 33. Rb7 Ra1+ 34. Kh2 Be5+ 0-1


[Site "https://www.chess.com"]

[Event "Titled Tuesday Blitz April 05 Early 2022"]
[White "Siva Mahadevan"]
[Black "Demin, Vladimir"]
[WhiteFideId "25043153"]
[BlackFideId "4167457"]
[WhiteElo "2203"]
[BlackElo "2473"]
[Result "1-0"]
[Round "01"]
[TimeControl "180+1"]
[Date "2022.04.05"]
[WhiteClock "0:00:57"]
[BlackClock "0:00:42"]

1. e4 Nf6 2. e5 Nd5 3. c4 Nb6 4. d4 d6 5. f4 dxe5 6. fxe5 Bf5 7. Be3 e6 8. Nc3 Bb4 9. Qb3 c5 10. dxc5 Bxc3+ 11. Qxc3 N6d7 12. Nf3 Nc6 13. Rd1 Qe7 14. Rd6 h6 15. b4 Be4 16. Be2 Bxf3 17. Bxf3 Ndxe5 18. Be2 Qh4+ 19. g3 Qe4 20. O-O O-O 21. b5 Ne7 22. Rf4 Qh7 23. Qxe5 Ng6 24. Qe4 Nxf4 25. Qxh7+ Kxh7 26. Bxf4 Rac8 27. Rd7 Rfd8 28. Rxd8 Rxd8 29. Bf3 f6 30. Bd6 Rd7 31. c6 Rxd6 32. c7 1-0


[Site "https://www.chess.com"]

[Event "Titled Tuesday Blitz April 05 Early 2022"]
[White "Sjugirov, Sanan"]
[Black "Mortazavi, Ali"]
[WhiteFideId "4189302"]
[BlackFideId "401323"]
[WhiteElo "2602"]
[BlackElo "2339"]
[Result "1-0"]
[Round "01"]
[TimeControl "180+1"]
[Date "2022.04.05"]
[WhiteClock "0:00:23"]
[BlackClock "0:00:02"]

1. e4 c6 2. d4 d5 3. Nc3 dxe4 4. Nxe4 Nf6 5. Nxf6+ exf6 6. c3 Bd6 7. Bd3 O-O 8. Ne2 Re8 9. Qc2 h5 10. O-O h4 11. h3 Nd7 12. Bd2 Nf8 13. Rae1 Be6 14. b3 Rc8 15. c4 b5 16. Kh1 bxc4 17. bxc4 Rb8 18. Ng1 Bb4 19. Nf3 Bxd2 20. Qxd2 a5 21. Nxh4 Rb4 22. Qc3 Qd7 23. Kg1 Rd8 24. Nf3 Ng6 25. a3 Rbb8 26. Bxg6 fxg6 27. Re3 a4 28. Rfe1 Rb3 29. Qc1 Bf7 30. Rxb3 axb3 31. Qc3 Rb8 32. Rb1 Qb7 33. Rb2 g5 34. Nd2 Qe7 35. Rxb3 Rxb3 36. Qxb3 Qe2 37. Qb8+ Kh7 38. Qb1+ Bg6 39. Qc1 Qd3 40. Nf3 Be4 41. Qe3 Qb1+ 42. Kh2 Bd3 43. d5 Bxc4 44. dxc6 Bd5 45. Qc3 Qb6 46. c7 Qd6+ 47. Kg1 Bxf3 48. gxf3 Qd1+ 49. Kg2 1-0


[Site "https://www.chess.com"]

[Event "Titled Tuesday Blitz April 05 Early 2022"]
[White "Smirnov, Pavel"]
[Black "Pesotskiy, Mikhail"]
[WhiteFideId "4123425"]
[BlackFideId "34164453"]
[WhiteElo "2539"]
[BlackElo "2010"]
[Result "1-0"]
[Round "01"]
[TimeControl "180+1"]
[Date "2022.04.05"]
[WhiteClock "0:01:09"]
[BlackClock "0:01:34"]

1. e4 e6 2. d4 d5 3. e5 c5 4. c3 Qa5 5. Nf3 cxd4 6. Nxd4 Nc6 7. Bb5 Bd7 8. Bxc6 bxc6 9. O-O c5 10. Nf3 Qc7 11. Re1 Ne7 12. Bf4 Nc6 13. Nbd2 Be7 14. c4 O-O 15. cxd5 exd5 16. Nf1 Be6 17. Ng3 Rfd8 18. Ng5 Nd4 19. Qh5 h6 20. Nxe6 Nxe6 21. Bd2 Bf8 22. Nf5 c4 23. Re3 d4 24. Rg3 Qxe5 25. Nxh6+ 1-0


[Site "https://www.chess.com"]

[Event "Titled Tuesday Blitz April 05 Early 2022"]
[White "Stribuk, Artiom"]
[Black "Alinasab, Mobina"]
[WhiteFideId "13515659"]
[BlackFideId "12528897"]
[WhiteElo "2804"]
[BlackElo "2461"]
[Result "1-0"]
[Round "01"]
[TimeControl "180+1"]
[Date "2022.04.05"]
[WhiteClock "0:00:21"]
[BlackClock "0:00:03"]

1. d4 Nf6 2. c4 e6 3. g3 d5 4. Bg2 dxc4 5. Nf3 c6 6. Ne5 Bb4+ 7. Bd2 Be7 8. e3 b5 9. a4 Nd5 10. O-O Bb7 11. b3 cxb3 12. Qxb3 a6 13. Rc1 O-O 14. Nc3 Nd7 15. Nxd7 Qxd7 16. Ne4 b4 17. a5 Rab8 18. Nc5 Bxc5 19. Rxc5 Ba8 20. Rac1 Rfc8 21. R1c4 Rb5 22. e4 Nc3 23. Bxc3 bxc3 24. Qxc3 Rd8 25. Ra4 h6 26. Bf1 Rb1 27. Kg2 Qa7 28. Bd3 Rbb8 29. h4 Kh8 30. h5 Kg8 31. Bc2 Qe7 32. Rb4 Rb5 33. Bd3 Rxb4 34. Qxb4 e5 35. Bxa6 Rxd4 36. Qb8+ Kh7 37. Rxe5 Qf6 38. Re8 1-0


[Site "https://www.chess.com"]

[Event "Titled Tuesday Blitz April 05 Early 2022"]
[White "Suarez Uriel, Adrian"]
[Black "Vokhidov, Shamsiddin"]
[WhiteFideId "22230874"]
[BlackFideId "14204223"]
[WhiteElo "2316"]
[BlackElo "2611"]
[Result "0-1"]
[Round "01"]
[TimeControl "180+1"]
[Date "2022.04.05"]
[WhiteClock "0:00:55"]
[BlackClock "0:01:40"]

1. e4 c5 2. Ne2 Nf6 3. Nbc3 d5 4. exd5 Nxd5 5. Nxd5 Qxd5 6. Nc3 Qd7 7. Bc4 Nc6 8. O-O e6 9. d3 Be7 10. Re1 O-O 11. Qg4 Kh8 12. Bg5 b6 13. Bxe7 Qxe7 14. Nd5 Qd6 15. Ne3 Bb7 16. a4 f5 17. Qh4 Ne5 18. f4 Ng6 19. Qg3 Nxf4 20. Bxe6 g6 21. Nc4 Qc7 22. Re5 Qxe5 23. Nxe5 Ne2+ 24. Kf2 Nxg3 25. hxg3 Rae8 26. Nf7+ Kg7 27. Nd6 Rxe6 28. Nxb7 Rb8 0-1


[Site "https://www.chess.com"]

[Event "Titled Tuesday Blitz April 05 Early 2022"]
[White "Tan, Jun Ying"]
[Black "Bashirli, Saadat"]
[WhiteFideId "5710413"]
[BlackFideId "13429990"]
[WhiteElo "1827"]
[BlackElo "1173"]
[Result "1-0"]
[Round "01"]
[TimeControl "180+1"]
[Date "2022.04.05"]
[WhiteClock "0:00:46"]
[BlackClock "0:00:28"]

1. d4 d5 2. c4 e6 3. Nc3 c6 4. Nf3 dxc4 5. e4 b5 6. Be2 Bb4 7. O-O Nf6 8. e5 Nd5 9. Ne4 O-O 10. b3 cxb3 11. Qxb3 Be7 12. Ne1 Nd7 13. Qg3 Kh8 14. Nd3 N7b6 15. Bg5 Bxg5 16. Nxg5 h6 17. Ne4 Nc4 18. Ndc5 Ncb6 19. Nd6 Bd7 20. Bd3 Qe7 21. Qf3 Nc4 22. Nxc4 bxc4 23. Bxc4 Rab8 24. Rab1 Nb6 25. Bd3 f6 26. Qe4 f5 27. Qf3 g5 28. Rfc1 Kh7 29. Bf1 Rbc8 30. Qa3 Be8 31. Qa5 f4 32. Bd3+ Kh8 33. Ne4 Nd5 34. Nd6 Rc7 35. Be4 g4 36. Rb8 Kg7 37. Bxd5 exd5 38. Nxe8+ Rxe8 39. Rxe8 Qxe8 40. Qxc7+ Kg8 41. Qxc6 Qf7 42. Qc8+ Kh7 43. Qxg4 1-0


[Site "https://www.chess.com"]